 Dungeon Crawl Stone Soup version 0.31-a0-690-g7ce4588941 (webtiles) character file.

Game seed: 4212946110404427798

4269 kemist the Protected (level 10, -5/90 HPs)
             Began as a Minotaur Fighter on Sept 6, 2023.
             Was an Elder of Okawaru.
             Slain by an orc
             ... wielding a +0 vampiric long sword
              (8 damage)
             ... on level 7 of the Dungeon.
             The game lasted 00:23:08 (8796 turns).

kemist the Protected (Minotaur Fighter)             Turns: 8796, Time: 00:23:08

Health: -5/90      AC:  8    Str: 22    XL:     10   Next: 10%
Magic:  11/11      EV: 12    Int:  5    God:    Okawaru [****..]
Gold:   585        SH:  7    Dex: 13    Spells: 9/9 levels left

rFire   . . .        t - +6 long sword of Doom {flame, Will+ rCorr}
rCold   . . .        c - +1 buckler
rNeg    . . .        b - +0 scale mail
rPois   .            (helmet restricted)
rElec   .            (no cloak)
rCorr   +            (no gloves)
SInv    .            (no boots)
Will    +....        (no amulet) Stlth
                     q - ring of resist corrosion
HPRegen 0.35/turn    (no ring)
MPRegen 0.12/turn

%: no passive effects
@: no status effects
A: horns 2, retaliatory headbutt
a: Renounce Religion, Heroism, Finesse


You were on level 7 of the Dungeon.
You worshipped Okawaru.
Okawaru was greatly pleased with you.
You visited 2 branches of the dungeon, and saw 9 of its levels.

You collected 585 gold pieces.

Inventory:

Hand Weapons
 t - the +6 long sword of Doom (weapon) {flame, Will+ rCorr}
   (You found it on level 7 of the Dungeon)

   Will+:     It increases your willpower.
   rCorr:     It protects you from acid and corrosion.
Missiles
 m - 5 silver javelins
Armour
 b - a +0 scale mail (worn)
 c - a +1 buckler (worn)
Jewellery
 q - a ring of resist corrosion (left hand)
Wands
 f - a wand of roots (6)
 o - a wand of flame (16)
 r - a wand of polymorph (16)
Scrolls
 a - a scroll of torment {unknown}
 g - 2 scrolls of teleportation
 i - 2 scrolls of poison
 j - a scroll of noise {unknown}
 u - a scroll of revelation
 v - a scroll of identify
Potions
 d - a potion of might
 e - a potion of mutation {unknown}
 h - 2 potions of attraction {unknown}
 l - 3 potions of curing
 n - a potion of brilliance {unknown}
 p - a potion of lignification
 s - a potion of haste


   Skills:
 + Level 8.7 Fighting
 + Level 8.2 Long Blades
 + Level 8.7 Armour
 + Level 6.1 Dodging
 + Level 8.6 Shields
 - Level 3.0 Invocations


You had 9 spell levels left.
You didn't know any spells.
Your spell library contained the following spells:

 Spells                   Type           Power      Damage    Failure   Level
 Sandblast                Erth           0%         2d4       82%         1
 Slow                     Hex            0%         N/A       82%         1
 Cigotuvi's Dreadful Rot  Necr/Pois/Air  0%         N/A       91%         2
 Passwall                 Tmut/Erth      0%         N/A       91%         2
 Wereblood                Tmut           0%         N/A       91%         2
 Ozocubu's Armour         Ice            0%         N/A       99%         3
 Stone Arrow              Conj/Erth      0%         3d7       99%         3
 Dispel Undead            Necr           0%         3d6       100%        4
 Irradiate                Conj/Tmut      0%         3d11      100%        5
 Silence                  Hex/Air        0%         N/A       100%        5
 Ozocubu's Refrigeration  Ice            0%         4d7       100%        7
 Polar Vortex             Ice            0%         N/A       100%        9
 Summon Guardian Golem    Hex/Summ       Unusable   N/A       N/A         3
 Death Channel            Necr           Unusable   N/A       N/A         6
 Simulacrum               Ice/Necr       Unusable   N/A       N/A         6

Dungeon Overview and Level Annotations

Branches:
Dungeon (8/15)             Temple (1/1) D:5
   Lair: D:8-11

Altars:
Ashenzari
Cheibriados
Dithmenos
Elyvilon
Fedhas
Gozag
Hepliaklqana
Kikubaaqudgha
Makhleb
Nemelex Xobeh
Okawaru
Qazlal
Ru
Sif Muna
Trog
Uskayaw
Vehumet
Wu Jian
Xom
Zin
The Shining One

Shops:
D:1 =   D:5 :


Innate Abilities, Weirdness & Mutations

You have a pair of horns on your head.
You reflexively headbutt those who attack you in melee.


Message History

You hear a shout!
You hear a shout!
Found a troll leather armour.
The centaur shoots an arrow.
The arrow hits you!
The centaur shoots an arrow.
The arrow hits you!
The centaur shoots an arrow.
The arrow hits you!
You hear a shout!
The centaur shoots an arrow.
The arrow hits you.
A puff of flame appears from out of thin air!
The puff of flame hits you.
The centaur shoots an arrow.
The arrow hits you.
A magic dart appears from out of thin air!
The magic dart hits you.
An orc comes into view. It is wielding a +0 short sword.
There is a large open door here.
The centaur shoots an arrow.
The arrow hits you!
* * * LOW HITPOINT WARNING * * *
A magic dart appears from out of thin air!
The magic dart hits you.
* * * LOW HITPOINT WARNING * * *
There is a large open door here.
You close the large door.
The centaur shoots an arrow.
The arrow hits you.
* * * LOW HITPOINT WARNING * * *
The centaur shoots an arrow.
The arrow misses you.
The centaur shoots an arrow.
The arrow barely misses you. You block the orc's attack.
The centaur shoots an arrow.
The arrow hits you.
* * * LOW HITPOINT WARNING * * *
The orc wizard mumbles some strange words.
The orc wizard flickers and vanishes!
The orc attacks as it pursues you! The orc misses you.
There is a stone staircase leading up here.
The centaur shoots an arrow.
The arrow hits you!
* * * LOW HITPOINT WARNING * * *
You block the orc's attack.
You climb upwards.
Reactivating autopickup.
There is a stone staircase leading down here.
You barely miss the orc.
The orc hits you with a +0 vampiric long sword!
You die...

............#
##..........##
...)........#
#.......)...##
.(..........#
##...........#
........#..#####
##..........#
........#..##..##
##.........#
.......##..#....##
##.......##
#.....###..#.....#
##......# ###.###
#........##
##..<..# ###
#..##...@o#
#..)###
#..###....## #.###
#####..# ###...#
##.# #...#..#
###.# #.#####
#.....### ###
#..#..#
##.......##
###......
#.........##
##........
#..........##
##.........
#.......^...##
##..........


You could see an orc.

Vanquished Creatures
  Psyche (D:8)
  A wyvern (D:8)
  5 yaks (D:8)
  A spriggan (D:8)
  2 steam dragons
  An ice beast (D:7)
  An orc warrior (D:7)
  3 sky beasts
  2 black bears
  2 ogres
  3 centaurs (D:8)
  A phantom (D:3)
  6 bullfrogs
  A kobold brigand (D:8)
  A scorpion (D:4)
  8 wights (D:7)
  2 electric eels (D:8)
  A gnoll bouda (D:3)
  2 hounds
  A jelly (D:5)
  4 orc priests
  3 sleepcaps
  Jessica (D:2)
  4 iguanas
  2 orc wizards (D:7)
  Robin (D:3)
  7 gnolls
  8 adders
  A white imp (D:5)
  An ufetubus (D:5)
  2 worms (D:3)
  4 dart slugs
  10 orcs
  7 bats
  11 endoplasms
  2 giant cockroaches
  19 goblins
  4 hobgoblins
  3 jackals (D:2)
  13 kobolds
  4 quokkas
  10 ball pythons
  3 frilled lizards
  4 rats
173 creatures vanquished.

Vanquished Creatures (others)
  An orc wizard (D:7)
1 creature vanquished.

Grand Total: 174 creatures vanquished

Notes
Turn   | Place    | Note
-------+----------+-------------------------------------------
     0 | D:1      | kemist the Minotaur Fighter began the quest for the Orb.
     0 | D:1      | Reached XP level 1. HP: 19/19 MP: 0/0
    84 | D:1      | Found Diapoat's Jewellery Emporium.
   113 | D:1      | Reached XP level 2. HP: 27/27 MP: 1/1
   799 | D:2      | Reached skill level 1 in Dodging
   848 | D:2      | Reached XP level 3. HP: 33/33 MP: 2/2
   981 | D:2      | Noticed Jessica
  1084 | D:2      | Reached XP level 4. HP: 36/40 MP: 3/3
  1245 | D:2      | Killed Jessica
  1713 | D:3      | Reached XP level 5. HP: 44/47 MP: 4/4
  1798 | D:3      | Noticed Robin
  1806 | D:3      | Killed Robin
  1820 | D:3      | Found a sparkling altar of Nemelex Xobeh.
  2074 | D:4      | Noticed a phantom
  2098 | D:3      | Killed a phantom
  2099 | D:3      | Reached skill level 5 in Fighting
  2099 | D:3      | Reached skill level 5 in Armour
  2188 | D:4      | Reached skill level 5 in Shields
  2188 | D:4      | Reached XP level 6. HP: 49/56 MP: 5/5
  2426 | D:4      | Found a white marble altar of Elyvilon.
  2438 | D:4      | Got the Quarto of Malediction
  2850 | D:4      | Found a radiant altar of Vehumet.
  3628 | D:5      | Entered Level 5 of the Dungeon
  3647 | D:5      | Found a staircase to the Ecumenical Temple.
  3657 | D:5      | Reached XP level 7. HP: 62/62 MP: 6/6
  3666 | Temple   | Entered the Ecumenical Temple
  3711 | Temple   | Became a worshipper of Warmaster Okawaru
  3771 | D:5      | Reached skill level 5 in Long Blades
  3872 | D:5      | Reached skill level 1 in Invocations
  3961 | D:5      | Found a shadowy altar of Dithmenos.
  3961 | D:5      | Found a shimmering blue altar of Sif Muna.
  4042 | D:5      | Reached * piety under Okawaru
  4127 | D:5      | Found Main Woe's Book Shoppe.
  4849 | D:6      | Reached XP level 8. HP: 24/71 MP: 8/8
  6593 | D:7      | Reached ** piety under Okawaru
  6935 | D:7      | Found a sacrificial altar of Ru.
  7010 | D:7      | Identified the +6 long sword of Doom {flame, Will+ rCorr}
  7234 | D:7      | Reached XP level 9. HP: 68/79 MP: 10/10
  7812 | D:8      | Noticed Psyche
  7815 | D:8      | Reached skill level 5 in Dodging
  7818 | D:8      | Reached *** piety under Okawaru
  8208 | D:8      | Reached **** piety under Okawaru
  8328 | D:8      | Killed Psyche
  8329 | D:8      | Reached XP level 10. HP: 34/90 MP: 11/11
  8794 | D:8      | HP: 2/90 [centaur/arrow (9)]
  8796 | D:7      | Slain by an orc

Illustrated notes

Levels and vault maps discovered:
D:1:      lightli_arrival_chessboard, layout_basic, serial_forest,
          infiniplex_forest_straight_5, infiniplex_forest_side_room,
          infiniplex_forest_clump_tiny, infiniplex_forest_lined_4_way,
          infiniplex_forest_clump_C, infiniplex_forest_clump_tiny,
          infiniplex_forest_fountain, serial_shops, shop
D:2:      layout_basic, nicolae_houndstooth_variations, uniq_jessica
D:3:      layout_rooms, nemelex_diamond_rough_becter, minivault_23, uniq_robin
D:4:      layout_loops_ring, nicolae_elyvilon_peaceful_grove,
          lemuel_doored_altar
D:5:      layout_loops_ring, chequers_temple_overflow_statue_of_worship,
          minmay_temple_entry_statues_pillars, serial_shops, shop_coins,
          kennysheep_generic_room_3
D:6:      layout_basic, minmay_stone_trees_large
D:7:      layout_cave_pods, lemuel_crystal_altar
D:8:      layout_basic, kennysheep_dice, uniq_maurice, uniq_psyche
Temple:   nicolae_temple_superstar

Skill      XL: |  1  2  3  4  5  6  7  8  9 |
---------------+----------------------------+-----
Shields        | 4 5 6 7 8 |  8.6
Dodging        | 1 2 4 6 |  6.1
Armour         | 4 5 6 7 8 |  8.7
Fighting       | 4 5 6 7 8 |  8.7
Long Blades    | 3 4 5 6 8 |  8.2
Invocations    | 1 3 |  3.0

Action                     |  1- 3 |  4- 6 |  7- 9 | 10-12 || total
---------------------------+-------+-------+-------+-------++-------
  Melee: Long sword        |    76 |   178 |   283 |    21 ||   558
         Headbutt          |    10 |    35 |    48 |     3 ||    96
 Invoke: Heroism           |       |       |     1 |       ||     1
    Use: Scroll            |       |     7 |    10 |       ||    17
 Armour: Scale mail        |    53 |   121 |   225 |    35 ||   434
  Dodge: Dodged            |    40 |   129 |   117 |    26 ||   312
  Block: Buckler           |    21 |    44 |    82 |    14 ||   161

Table legend: (Time is in decaauts)
 A = Elapsed time spent in this place.
 B = Non-inter-level travel time spent in this place.
 C = Inter-level travel time spent in this place.
 D = Time resting spent in this place.
 E = Time spent auto-exploring this place.
 F = Levels seen in this place.
 G = Mean time per level.
                   A        B        C        D        E       F      G
               +--------+--------+--------+--------+--------+-----+--------+
         Total |   8900 |   8586 |    314 |   2822 |   4063 |   9 |  988.9 |
       Dungeon |   8825 |   8583 |    242 |   2822 |   4063 |   8 | 1103.1 |
        Temple |     75 |      3 |     72 |      0 |      0 |   1 |   75.0 |
               +--------+--------+--------+--------+--------+-----+--------+

Top non-repeatable levels by time:
     D:7: 1546 daAuts
     D:6: 1466 daAuts
     D:4: 1127 daAuts
     D:5: 1097 daAuts
     D:8: 1012 daAuts
     D:3: 1007 daAuts
     D:2: 904 daAuts
     D:1: 662 daAuts
  Temple: 75 daAuts
